 Dungeon Crawl Stone Soup version 0.23.2-40-g277498a001 (webtiles) character file.

Game seed: 2100447744174699483

2526 Emblim88 the Grappler (level 9, -7/93 HPs)
             Began as an Octopode Berserker on Oct 17, 2019.
             Was an Elder of Trog.
             Mangled by a steam dragon (9 damage)
             ... on level 7 of the Dungeon.
             The game lasted 00:12:09 (6786 turns).

Emblim88 the Grappler (Octopode Berserker)          Turns: 6786, Time: 00:12:10

Health: -7/93      AC:  1    Str: 24    XL:     9   Next: 54%
Magic:  0/9        EV: 11    Int: 10    God:    Trog [****..]
Gold:   266        SH: 14    Dex: 11    Spells: 8/8 levels left

rFire    . . .     SeeInvis +     - Unarmed
rCold    . . .     Gourm    .   e - +1 large shield
rNeg     + . .     Faith    .   (helmet restricted)
rPois    +         Spirit   +   B - amulet of guardian spirit
rElec    .         Reflect  .   q - ring of positive energy
rCorr    .         Harm     .   w - ring of poison resistance
MR       .....                  x - ring of see invisible
Stlth    ..........             (no ring)
HPRegen  0.25/turn              (no ring)
MPRegen  0.11/turn              (no ring)
                                (no ring)
                                (no ring)

@: berserking, very quick
A: almost no armour, stealthy swim, amphibious, 8 rings, constrict 8, camouflage
1, gelatinous body 1
a: Berserk, Trog's Hand, Brothers in Arms, Renounce Religion


You were on level 7 of the Dungeon.
You worshipped Trog.
Trog was greatly pleased with you.
You were not hungry.

You visited 1 branch of the dungeon, and saw 7 of its levels.

You collected 266 gold pieces.

Inventory:

Missiles
 i - 21 poisoned needles (quivered)
 l - 3 curare-tipped needles
Armour
 e - a +1 large shield (worn)
Jewellery
 k - an uncursed amulet of harm
 q - a ring of positive energy (left tentacle)
 w - a ring of poison resistance (right tentacle)
 x - a ring of see invisible (on tentacle)
 B - an amulet of guardian spirit (around mantle)
Scrolls
 f - 4 scrolls of remove curse
 g - a scroll of noise {unknown}
 j - a scroll of immolation
 n - a scroll of enchant weapon {unknown}
 r - a scroll of magic mapping {unknown}
 t - 2 scrolls of teleportation
 u - 2 scrolls of enchant armour
 v - a scroll of identify
 y - a scroll of holy word {unknown}
Potions
 b - a potion of lignification {unknown}
 c - 2 potions of cancellation {unknown}
 d - 2 potions of curing {unknown}
 h - a potion of might {unknown}
 m - 3 potions of brilliance {unknown}
 o - 2 potions of heal wounds {unknown}
 p - a potion of berserk rage {unknown}
 s - a potion of magic {unknown}
 A - a potion of degeneration {unknown}
Comestibles
 a - 18 rations
 z - 5 chunks of flesh


   Skills:
 + Level 6.2 Fighting
 + Level 6.3 Dodging
 + Level 7.8 Stealth
 - Level 2.1 Shields
 * Level 8.5 Unarmed Combat


You had 8 spell levels left.
You didn't know any spells.
Your spell library was empty.

Dungeon Overview and Level Annotations

Branches:
Dungeon (7/15)             Temple (0/1) D:5

Altars:
The Shining One

Shops:
D:6 [


Innate Abilities, Weirdness & Mutations

You cannot wear most types of armour.
You are very stealthy in the water. (Stealth+)
You are amphibious.
You can wear up to eight rings at the same time.
You can use your tentacles to constrict eight enemies at once.
Your skin changes colour to match your surroundings (Stealth+).
Your rubbery body absorbs attacks. (AC +1, EV +1)


Message History

You closely miss the steam dragon. You squeeze the steam dragon!
The steam dragon is moderately wounded.
You are engulfed in a cloud of scalding steam.
* * * LOW HITPOINT WARNING * * *
You block the steam dragon's attack. x2
Your shield prevents you from hitting the steam dragon.
The steam dragon is moderately wounded.
The steam dragon breathes steam at you. The ball of steam hits you!!
* * * LOW HITPOINT WARNING * * *
You tentacle-slap the steam dragon.
The steam dragon is moderately wounded.
You are engulfed in a cloud of scalding steam.
* * * LOW HITPOINT WARNING * * *
You tentacle-slap the steam dragon.
The steam dragon is heavily wounded.
You are engulfed in a cloud of scalding steam.
* * * LOW HITPOINT WARNING * * *
The steam dragon bites you!
You die...

##################
.#.....#.....#?)/#
.#)....#.....#.:.#
.#..#..#..#..#[)D# #####
)#..#..#..#..###@# #...#
....#.....#......# #..<#
....#.....#.....ยง#########.######
##################.........# #..#
...................#######.# ##.#
........................##<# #).#
##################.......#.####'#
...(#.....# #...............
....#.....# #...............


You could see a steam dragon.

Vanquished Creatures
  Pikel (D:5)
  A hippogriff (D:7)
  A spriggan (D:7)
  A vampire mosquito (D:7)
  An ice beast (D:7)
  A sky beast (D:5)
  2 phantoms
  A necrophage (D:7)
  2 ogres
  3 centaurs
  A crocodile (D:7)
  2 scorpions
  A wight (D:7)
  An orc priest (D:4)
  2 hounds
  An orc wizard (D:4)
  An iguana (D:6)
  6 worker ants
  3 worker ant zombies
  7 gnolls (D:6)
  7 adders
  2 river rats (D:6)
  An ooze (D:3)
  An adder zombie (D:7)
  3 adder skeletons
  A worm (D:2)
  4 dart slugs
  2 leopard geckos
  13 orcs
  2 ball pythons (D:6)
  14 bats
  3 giant cockroaches
  7 goblins
  14 hobgoblins
  3 jackals (D:1)
  3 quokkas
  2 frilled lizards
  5 kobolds
  A leopard gecko zombie (D:6)
  A quokka skeleton (D:7)
  A quokka zombie (D:6)
  10 rats
139 creatures vanquished.

Notes
Turn   | Place    | Note
-------+----------+-------------------------------------------
     0 | D:1      | Emblim88 the Octopode Berserker began the quest for the
                  | Orb.
     0 | D:1      | Reached XP level 1. HP: 16/16 MP: 1/1
   132 | D:1      | Reached skill level 1 in Stealth
   132 | D:1      | Reached XP level 2. HP: 21/21 MP: 2/2
   499 | D:1      | Reached XP level 3. HP: 26/26 MP: 3/3
   544 | D:1      | Reached ** piety under Trog
   912 | D:2      | Reached XP level 4. HP: 27/31 MP: 4/4
  2182 | D:3      | Reached skill level 4 in Unarmed Combat
  2206 | D:3      | Reached *** piety under Trog
  2424 | D:4      | Reached skill level 1 in Shields
  2424 | D:4      | Reached XP level 5. HP: 25/36 MP: 5/5
  3103 | D:4      | Reached XP level 6. HP: 43/43 MP: 6/6
  3149 | D:4      | Found a glowing golden altar of the Shining One.
  3584 | D:5      | Entered Level 5 of the Dungeon
  4048 | D:5      | Found a staircase to the Ecumenical Temple.
  4049 | D:5      | Noticed a sky beast
  4069 | D:5      | Killed a sky beast
  4069 | D:5      | Reached skill level 5 in Unarmed Combat
  4069 | D:5      | Reached XP level 7. HP: 22/48 MP: 7/7
  4346 | D:5      | Noticed Pikel
  4353 | D:5      | Killed Pikel
  4353 | D:5      | Reached skill level 5 in Stealth
  4353 | D:5      | Reached skill level 6 in Unarmed Combat
  4353 | D:5      | Reached XP level 8. HP: 54/54 MP: 8/8
  4834 | D:6      | Reached skill level 5 in Dodging
  4869 | D:6      | Reached skill level 5 in Fighting
  5279 | D:6      | Found Sifinyoq's Antique Armour Boutique.
  5388 | D:6      | Reached skill level 7 in Unarmed Combat
  5393 | D:6      | Reached **** piety under Trog
  5421 | D:6      | Found a glowing drain.
  6102 | D:7      | Reached XP level 9. HP: 42/61 MP: 5/9
  6538 | D:7      | Reached skill level 8 in Unarmed Combat
  6786 | D:7      | HP: 2/93 [steam dragon] (3)]
  6786 | D:7      | Mangled by a steam dragon

Skill      XL: |  1  2  3  4  5  6  7  8  9 |
---------------+----------------------------+-----
Stealth        | 1 2 3 5 6 7 |  7.8
Unarmed Combat | 4 5 6 7 8 |  8.5
Shields        | 1 2 |  2.1
Fighting       | 4 5 6 |  6.2
Dodging        | 4 5 6 |  6.3

Action                   |  1- 3 |  4- 6 |  7- 9 || total
-------------------------+-------+-------+-------++-------
Melee: Unarmed           |    79 |   105 |   171 ||   355
       Constrict         |    27 |    23 |    30 ||    80
       Tentacles         |    13 |    23 |    38 ||    74
       Punch             |     1 |     5 |     7 ||    13
Invok: Berserk           |       |     4 |     5 ||     9
  Use: Scroll            |     1 |       |     4 ||     5
 Stab: Sleeping          |     4 |     7 |    15 ||    26
  Eat: Chunk             |       |     7 |     6 ||    13
       Ration            |       |     2 |     2 ||     4
Armor: Skin              |     7 |     1 |     9 ||    17
Dodge: Dodged            |    54 |    33 |    45 ||   132
Block: Large shield      |       |    44 |   108 ||   152
